Map: [ESL] Gresvan

Players

trigger

  • Race: Protoss Protoss
  • Spawn Location: 5:00

Astrea - Winner!

  • Race: Protoss Protoss
  • Spawn Location: 11:00

Event: ESL SC2 Masters 2023 Summer (Regionals)

VOD

Have the link to the VOD?

Description

Time

  • Played on: May 18, 2023, 4:19 p.m.
  • Length: 14:51

All games in this series

Show
View Real Time Build Order
Export as new Build Order

trigger Protoss 

Build Orders: Phoenix Opening, Blink Stalkers 

Get SALT Encoding   

  12  0:00  Probe  
  13  0:12  Probe  
  14  0:17  Pylon  
  14  0:24  Probe (Chrono Boost)  
  15  0:36  Probe (Chrono Boost)  
  15  0:37  Gateway  
  16  0:43  Probe (Chrono Boost)  
  16  0:46  Assimilator  
  17  0:51  Probe  
  18  1:03  Probe (Chrono Boost)  
  19  1:05  Assimilator  
  19  1:12  Probe (Chrono Boost), Gateway  
  19  1:17  Probe (Chrono Boost)  
  21  1:26  Cybernetics Core  
  21  1:29  Probe  
  22  1:37  Pylon  
  22  1:41  Probe  
  23  1:55  Probe  
  24  2:02  Warp Gate  
  24  2:03  Stalker  
  24  2:05  Stalker  
  28  2:08  Probe  
  28  2:14  Pylon  
  29  2:20  Probe  
  30  2:28  Pylon  
  30  2:33  Sentry  
  32  2:51  Nexus  
  32  2:54  Sentry  
  34  2:59  Probe  
  34  3:05  Phoenix  
  37  3:13  Pylon  
  37  3:15  Twilight Council  
  35  3:24  Stalker  
  37  3:34  Probe  
  38  3:46  Probe  
  39  3:49  Blink (Chrono Boost), Shield Battery  
  39  3:51  Stalker  
  41  4:02  Probe (Chrono Boost)  
  42  4:03  Probe (Chrono Boost)  
  42  4:05  Stalker  
  45  4:14  Probe x2 (Chrono Boost)  
  46  4:23  Probe (Chrono Boost)  
  48  4:24  Probe (Chrono Boost)  
  48  4:28  Stalker  
  48  4:29  Probe x2 (Chrono Boost)  
  52  4:38  Probe  
  52  4:41  Stalker  
  52  4:42  Probe  
  55  4:52  Robotics Facility  
  55  4:54  Shield Battery  
  55  4:56  Probe  
  55  4:58  Probe  
  57  5:00  Phoenix  
  57  5:01  Stalker  
  57  5:05  Pylon  
  59  5:08  Probe  
  59  5:09  Stalker  
  62  5:17  Probe  
  62  5:23  Probe  
  61  5:30  Probe  
  62  5:35  Nexus  
  62  5:36  Stalker  
  62  5:38  Stalker  
  66  5:43  Probe, Pylon  
  67  5:54  Probe  
  68  5:57  Assimilator  
  68  6:00  Probe (Chrono Boost), Immortal (Chrono Boost)  
  73  6:04  Forge  
  73  6:06  Probe (Chrono Boost)  
  74  6:12  Probe (Chrono Boost)  
  74  6:13  Stalker  
  74  6:18  Pylon  
  77  6:20  Probe (Chrono Boost)  
  77  6:22  Shield Battery  
  78  6:28  Shield Battery  
  78  6:32  Pylon  
  78  6:35  Probe  
  78  6:38  Stalker x2  
  78  6:39  Probe  
  82  6:47  Probe, Protoss Ground Weapons Level 1  
  80  6:48  Immortal (Chrono Boost)  
  80  6:49  Probe  
  81  6:55  Probe  
  79  7:02  Stalker x2  
  73  7:20  Probe x2  
  69  7:25  Stalker x2  
  69  7:28  Probe  
  64  7:34  Probe  
  64  7:35  Probe  
  63  7:41  Immortal (Chrono Boost)  
  63  7:43  Probe  
  64  7:49  Stalker x2  
  64  7:50  Probe (Chrono Boost)  
  57  7:52  Probe (Chrono Boost)  
  58  7:59  Probe (Chrono Boost)  
  58  8:02  Probe (Chrono Boost)  
  59  8:09  Probe (Chrono Boost)  
  59  8:10  Probe (Chrono Boost)  
  59  8:11  Probe (Chrono Boost)  
  61  8:15  Adept x2  
  61  8:19  Probe (Chrono Boost)  
  67  8:20  Probe x2 (Chrono Boost)  
  68  8:30  Probe (Chrono Boost)  
  68  8:31  Probe (Chrono Boost)  
  68  8:33  Probe (Chrono Boost)  
  71  8:38  Gateway  
  71  8:40  Probe (Chrono Boost), Stalker x2, Gateway  
  77  8:42  Probe (Chrono Boost)  
  77  8:43  Probe (Chrono Boost)  
  77  8:47  Protoss Ground Weapons Level 2 (Chrono Boost)  
  77  8:48  Probe (Chrono Boost)  
  79  8:53  Probe x2 (Chrono Boost)  
  83  9:03  Probe (Chrono Boost)  
  83  9:05  Probe (Chrono Boost)  
  83  9:06  Probe (Chrono Boost)  
  84  9:13  Stalker x2  
  84  9:14  Probe  
  84  9:15  Probe  
  90  9:17  Pylon  
  90  9:20  Probe  
  87  9:25  Charge (Chrono Boost)  
  87  9:29  Gateway  
  87  9:30  Photon Cannon  
  87  9:31  Gateway  
  87  9:37  Stalker x4  
  95  9:47  Gateway  
  95  9:50  Gateway  
  95  9:51  Gateway  
  95  9:54  Gateway  
  95  9:56  Warp Prism (Chrono Boost)  
  97  10:02  Zealot  
  99  10:13  Zealot x3  
  105  10:20  Dark Shrine  
  89  10:37  Zealot x4  
  78  10:44  Zealot x2  
  80  10:52  Zealot x3  
  74  11:07  Nexus  
  74  11:31  Dark Templar x4  
  82  11:37  Dark Templar  
  84  11:42  Dark Templar  
  86  11:49  Dark Templar  
  88  12:08  Observer  
  73  12:33  Dark Templar x2  
  73  12:35  Zealot  
  73  12:42  Zealot x5  
  77  12:50  Observer, Dark Templar  
  75  12:56  Dark Templar  
  77  13:05  Zealot x7  
  91  13:22  Probe, Pylon  
  92  13:33  Pylon  
  92  13:36  Pylon  
  92  13:37  Pylon  
  89  13:48  Observer  
  89  13:49  Nexus  
  89  13:50  Warp Prism (Chrono Boost)  
  80  13:56  Pylon  
  74  14:05  Dark Templar x3  
  78  14:14  Probe x2  
  80  14:22  Shield Battery, Stalker x2  
  84  14:28  Assimilator  
  84  14:42  Pylon  
Show
View Real Time Build Order
Export as new Build Order

Astrea Protoss - Winner!

Build Orders: Oracle Opening 

Get SALT Encoding   

  12  0:00  Probe  
  13  0:12  Probe  
  14  0:17  Pylon  
  14  0:24  Probe (Chrono Boost)  
  16  0:35  Gateway  
  16  0:36  Probe (Chrono Boost)  
  16  0:42  Probe (Chrono Boost)  
  16  0:45  Assimilator  
  17  0:51  Probe  
  17  0:54  Assimilator  
  18  1:03  Probe (Chrono Boost)  
  19  1:07  Gateway  
  20  1:12  Probe (Chrono Boost)  
  20  1:17  Probe (Chrono Boost)  
  20  1:24  Cybernetics Core  
  21  1:30  Probe  
  22  1:35  Pylon  
  22  1:42  Probe  
  24  1:54  Probe  
  24  2:00  Adept, Warp Gate, Stalker  
  28  2:06  Probe  
  29  2:12  Pylon  
  29  2:18  Pylon  
  29  2:27  Stargate  
  29  2:36  Stalker  
  31  2:58  Nexus  
  30  3:03  Probe  
  31  3:08  Oracle (Chrono Boost)  
  34  3:15  Probe  
  35  3:26  Pylon  
  35  3:27  Probe  
  34  3:36  Oracle (Chrono Boost)  
  34  3:40  Probe  
  38  3:43  Twilight Council  
  38  3:52  Probe  
  39  4:00  Gateway  
  39  4:04  Probe  
  40  4:10  Probe  
  40  4:16  Probe, Blink (Chrono Boost)  
  42  4:22  Adept x2  
  46  4:25  Probe (Chrono Boost)  
  48  4:33  Probe (Chrono Boost)  
  48  4:37  Probe (Chrono Boost)  
  49  4:41  Probe (Chrono Boost)  
  49  4:42  Probe (Chrono Boost)  
  51  4:48  Gateway  
  51  4:52  Probe x2  
  53  4:57  Pylon, Stalker  
  53  4:58  Stalker  
  57  5:04  Probe  
  57  5:06  Probe  
  59  5:08  Pylon  
  59  5:10  Stalker  
  61  5:17  Probe  
  61  5:21  Stalker x2  
  62  5:23  Probe  
  65  5:35  Nexus  
  62  5:44  Stalker x2  
  62  5:48  Stalker  
  68  5:51  Adept  
  68  5:54  Assimilator  
  70  6:00  Pylon  
  70  6:02  Probe  
  72  6:07  Pylon  
  71  6:11  Stalker x2  
  71  6:13  Stalker  
  77  6:19  Stalker  
  77  6:20  Probe  
  77  6:21  Probe  
  81  6:33  Probe  
  81  6:37  Probe  
  79  6:42  Stalker x4  
  79  6:45  Probe  
  88  6:47  Probe  
  88  6:49  Probe  
  90  6:55  Forge  
  90  6:57  Probe  
  90  6:59  Probe  
  90  7:01  Probe  
  90  7:07  Stalker x3  
  93  7:09  Probe  
  93  7:11  Probe, Stalker  
  93  7:19  Probe  
  94  7:23  Probe  
  94  7:26  Probe  
  96  7:32  Probe  
  96  7:35  Stalker x4  
  100  7:37  Probe  
  97  7:45  Charge (Chrono Boost)  
  91  7:54  Gateway  
  91  7:56  Gateway  
  91  7:57  Gateway  
  85  7:59  Gateway  
  85  8:00  Stalker x2, Zealot x2  
  85  8:03  Photon Cannon  
  85  8:04  Photon Cannon  
  91  8:09  Assimilator  
  91  8:11  Pylon  
  91  8:12  Protoss Ground Weapons Level 1 (Chrono Boost)  
  91  8:14  Robotics Facility  
  91  8:25  Zealot x4  
  99  8:27  Photon Cannon  
  99  8:29  Pylon  
  99  8:39  Pylon  
  99  8:42  Nexus  
  99  8:46  Stalker x2  
  99  8:47  Sentry  
  105  8:50  Stalker  
  105  8:53  Stalker  
  109  8:59  Stalker  
  111  9:10  Pylon  
  111  9:12  Nexus  
  111  9:14  Warp Prism (Chrono Boost)  
  112  9:26  Zealot x2  
  112  9:30  Pylon  
  116  9:31  Pylon  
  116  9:32  Pylon  
  116  9:33  Stalker x4  
  116  9:34  Pylon  
  124  9:46  Protoss Ground Weapons Level 2 (Chrono Boost)  
  124  9:50  Pylon  
  124  9:58  Stalker x6  
  124  9:59  Zealot  
  138  10:00  Zealot  
  140  10:07  Probe  
  136  10:25  Zealot x8  
  145  10:39  Observer  
  136  10:45  Zealot x3  
  136  10:46  Zealot x3  
  136  10:47  Zealot x2  
  126  11:05  Probe x3  
  126  11:07  Observer  
  130  11:16  Stalker x7  
  144  11:19  Stalker  
  144  11:24  Pylon  
  146  11:28  Photon Cannon  
  146  11:29  Probe, Observer  
  148  11:33  Probe  
  149  11:47  Stalker x4  
  157  11:57  Pylon  
  157  11:58  Pylon  
  157  11:59  Protoss Ground Weapons Level 3 (Chrono Boost)  
  157  12:03  Pylon  
  157  12:07  Pylon  
  140  12:30  Probe x3  
  140  12:35  Stalker x2  
  140  12:36  Stalker x4  
  146  12:41  Observer  
  146  12:42  Probe x2  
  137  12:51  Probe  
  137  12:54  Probe  
  137  12:56  Probe  
  137  12:57  Photon Cannon  
  139  13:00  Observer  
  139  13:04  Probe  
  141  13:06  Probe  
  142  13:17  Stalker  
  144  13:20  Probe x2  
  144  13:24  Observer  
  144  13:26  Nexus  
  146  13:29  Probe  
  146  13:32  Probe  
  147  13:44  Stalker  
  147  13:45  Stalker x5  
  157  13:54  Observer  
  153  14:10  Observer  
  153  14:21  Pylon, Nexus  
  153  14:25  Pylon  
  153  14:39  Stalker x6  
Tags
 
Add a new tag
Caveats
  • Supply blocks, unpowered buildings, or Contaminate may cause inaccurate times.
  • Supply counts are checked every 10 seconds.